 Dungeon Crawl Stone Soup version 0.26-a0-652-gafc20e3620 (webtiles) character file.

Game seed: 777588849958509492

88 DoubleLucky the Stinger (level 4, -1/37 HPs)
             Began as a Naga Venom Mage on Oct 3, 2020.
             Slain by an orc warrior
             ... wielding a +0 long sword
              (5 damage)
             ... on level 3 of the Dungeon.
             The game lasted 00:08:44 (2328 turns).

DoubleLucky the Stinger (Naga Venom Mage)           Turns: 2328, Time: 00:08:45

Health: -1/37      AC:  2    Str: 10    XL:     4   Next: 53%
Magic:  1/8        EV: 10    Int: 16    God:
Gold:   105        SH:  5    Dex: 12    Spells: 5/8 levels left

rFire    . . .     SeeInvis +   g - +0 dagger
rCold    . . .     Faith    .   (no shield)
rNeg     . . .     Spirit   .   a - +0 robe
rPois    +         Reflect  +   (no helmet)
rElec    .         Harm     .   (no cloak)
rCorr    .         Rampage  .   (no gloves)
MR       .....                  (no barding)
Stlth    ++........             d - amulet of reflection
HPRegen  0.12/turn              (no ring)
MPRegen  0.11/turn              (no ring)

@: very slow
A: large, see invisible, deformed body, poison resistance, slowness 2, spit
poison 1, AC +1
a: Spit Poison


You were on level 3 of the Dungeon.
You visited 1 branch of the dungeon, and saw 3 of its levels.

You collected 105 gold pieces.

Inventory:

Hand Weapons
 g - a +0 dagger (weapon)
Missiles
 h - 74 stones (quivered)
 j - 29 poisoned darts
Armour
 a - a +0 robe (worn)
 p - a cursed +0 kite shield
Jewellery
 d - an amulet of reflection (around neck)
 i - an uncursed ring of flight {unknown}
Scrolls
 b - a scroll of teleportation {unknown}
 e - a scroll of enchant armour {unknown}
 f - a scroll of enchant weapon {unknown}
 k - a scroll of magic mapping {unknown}
 m - 3 scrolls of remove curse {unknown}
 n - 2 scrolls of identify {unknown}
 o - a scroll of immolation {unknown}
 q - 2 scrolls of fog {unknown}
Potions
 c - a potion of stabbing {unknown}
 l - a potion of brilliance {unknown}


   Skills:
 + Level 0.7 Fighting
 - Level 1.5 Dodging
 - Level 3.0 Stealth
 + Level 2.8 Spellcasting
 + Level 2.3 Transmutations
 + Level 5.0 Poison Magic


You had 5 spell levels left.
You knew the following spells:

 Your Spells              Type           Power        Failure   Level
a - Sting                 Tmut/Pois      ##..         4%          1
b - Poisonous Vapours     Pois/Air       ##....       10%         2

Your spell library contained the following spells:

 Spells                   Type           Power        Failure   Level
 Ignite Poison            Fire/Tmut/Pois ##......     21%         3
 Olgreb's Toxic Radiance  Pois           ###.....     24%         4
 Mephitic Cloud           Conj/Pois/Air  #.......     28%         3


Dungeon Overview and Level Annotations

Branches:
Dungeon (3/15)

Altars:


Innate Abilities, Weirdness & Mutations

You cannot wear boots.
Your serpentine skin is tough. (AC +1)
You have supernaturally acute eyesight. (SInv)
Armour fits poorly on your strangely shaped body.
Your system is resistant to poisons. (rPois)
You cover ground very slowly.
You can spit poison.


Message History

You hit the orc warrior but do no damage.
The orc warrior hits you with a +0 long sword!
You closely miss the orc warrior. The orc warrior barely misses you.
You completely miss the orc warrior. The orc warrior closely misses you.
An orc comes into view. It is wielding a +0 club.
You barely miss the orc warrior.
The orc warrior hits you with a +0 long sword.
The orc warrior hits you with a +0 long sword.
You barely miss the orc warrior.
The orc warrior hits you with a +0 long sword!
* * * LOW HITPOINT WARNING * * *
Casting: Sting (safe; 4% risk of failure)
Confirm with . or Enter, or press ? or * to list all spells.
Aiming: Sting (safe; 4% risk of failure)
Press: ? - help, Shift-Dir - straight line, f/p - orc warrior
Aim: an orc warrior, wielding a +0 long sword and wearing a +0 chain mail The sting hits the orc warrior but does no damage.
The orc warrior is poisoned.
The orc warrior hits you with a +0 long sword.
You die...

...#........<#.####.# #.#
##.#.#####...#.# #.# #.#
#............#.# #.# #.#
#..#.........#.# #.# #.#
#..#.######.>#.# #.# #.#
#..............####.####.#
##.############..........#
#... .......†.....######
#### ########@##### #o#
#o# #.# #.# #[# #)# #.#
#.#


You could see an orc warrior (poisoned) and an orc.

Vanquished Creatures
  An orc priest (D:3)
  An adder (D:2)
  A worm (D:2)
  2 dart slugs
  A leopard gecko (D:2)
  An orc (D:3)
  2 giant cockroaches
  4 goblins
  7 hobgoblins
  3 jackals (D:2)
  2 ball pythons
  6 bats
  5 frilled lizards
  3 kobolds
  2 rats
41 creatures vanquished.

Notes
Turn   | Place    | Note
-------+----------+-------------------------------------------
     0 | D:1      | DoubleLucky the Naga Venom Mage began the quest for the
                  | Orb.
     0 | D:1      | Reached XP level 1. HP: 15/15 MP: 3/3
   420 | D:1      | Reached XP level 2. HP: 22/22 MP: 0/5
   424 | D:1      | Learned a level 2 spell: Poisonous Vapours
   980 | D:2      | Reached XP level 3. HP: 21/28 MP: 1/6
  2242 | D:3      | Reached XP level 4. HP: 36/36 MP: 3/8
  2310 | D:3      | Reached skill level 5 in Poison Magic
  2315 | D:3      | Noticed an orc warrior
  2328 | D:3      | Slain by an orc warrior

Illustrated notes

Levels and vault maps discovered:
D:1:      scummos_arrival_simple_crosswalls, layout_basic
D:2:      layout_loops_cross
D:3:      layout_basic, minivault_25, uniq_ijyb, uniq_jessica

Skill      XL: |  1  2  3  4 |
---------------+-------------+-----
Transmutations | 2 |  2.3
Poison Magic   | 5 |  5.0
Fighting       | |  0.7
Dodging        | |  1.5
Stealth        | |  3.0
Spellcasting   | |  2.8

Action                   |  1- 3 |  4- 6 || total
-------------------------+-------+-------++-------
Melee: Unarmed           |     3 |       ||     3
       Dagger            |    42 |     5 ||    47
Throw: Stone             |     2 |       ||     2
 Cast: Sting             |    22 |     2 ||    24
       Poisonous Vapours |    31 |     4 ||    35
 Abil: Spit Poison       |     2 |       ||     2
Armor: Robe              |     9 |       ||     9
Dodge: Dodged            |    22 |     2 ||    24
Block: Other             |    14 |       ||    14
       Reflection        |     1 |       ||     1

Table legend: (Time is in decaauts)
 A = Elapsed time spent in this place.
 B = Non-inter-level travel time spent in this place.
 C = Inter-level travel time spent in this place.
 D = Time resting spent in this place.
 E = Time spent auto-exploring this place.
 F = Levels seen in this place.
 G = Mean time per level.
                   A        B        C        D        E       F      G
               +--------+--------+--------+--------+--------+-----+--------+
         Total |   2838 |   2795 |     43 |      0 |   2428 |   3 |  946.0 |
       Dungeon |   2838 |   2795 |     43 |      0 |   2428 |   3 |  946.0 |
               +--------+--------+--------+--------+--------+-----+--------+

Top non-repeatable levels by time:
     D:2: 1371 daAuts
     D:1: 1241 daAuts
     D:3: 225 daAuts
